 Dungeon Crawl Stone Soup version 0.23.0-3-gf3c87f2df8 (webtiles) character file.

Game seed: 16825141788705122140

123 Gargoyl the Skirmisher (level 4, 0/40 HPs)
             Began as a Centaur Abyssal Knight on Feb 24, 2019.
             Was a Believer of Lugonu.
             Killed from afar by Denreik's ghost (13 damage)
             ... with a stone arrow
             ... on level 3 of the Dungeon.
             The game lasted 00:03:26 (2253 turns).

Gargoyl the Skirmisher (Centaur Abyssal Knight)     Turns: 2253, Time: 00:03:27

Health: 0/40       AC:  8    Str: 14    XL:     4   Next: 80%
Magic:  6/6        EV:  3    Int: 11    God:    Lugonu [**....]
Gold:   191        SH:  3    Dex: 10    Spells: 3/3 levels left

rFire    . . .     SeeInvis .   a - +2 hand axe
rCold    . . .     Gourm    .   j - +0 buckler
rNeg     . . .     Faith    .   e - +1 chain mail
rPois    .         Spirit   .   (no helmet)
rElec    .         Reflect  .   (no cloak)
rCorr    .         Harm     .   (no gloves)
MR       .....                  (no barding)
Stlth    ..........             (no amulet)
HPRegen  0.13/turn              (no ring)
MPRegen  0.10/turn              (no ring)

@: very quick
A: large, hooves 3, deformed body, speed 2, tough skin 3
a: Depart the Abyss, Bend Space, Renounce Religion


You were on level 3 of the Dungeon.
You worshipped Lugonu.
Lugonu was pleased with you.
You were not hungry.

You visited 1 branch of the dungeon, and saw 3 of its levels.
You visited the Abyss 1 time.

You collected 191 gold pieces.

Inventory:

Hand Weapons
 a - a +2 hand axe (weapon)
Armour
 e - a +1 chain mail (worn)
 j - a +0 buckler (worn)
Scrolls
 d - a scroll of identify
 g - 3 scrolls of magic mapping
 i - a scroll of teleportation
Potions
 f - a potion of haste
 h - a potion of mutation {unknown}
 k - a potion of heal wounds {unknown}
 l - 2 potions of might
 n - a potion of curing {unknown}
Comestibles
 b - a chunk of flesh
 c - 5 rations


   Skills:
 + Level 3.8 Fighting
 + Level 2.3 Axes
 * Level 2.3 Armour
 * Level 1.2 Dodging
 * Level 2.7 Invocations


You had 3 spell levels left.
You didn't know any spells.
Your spell library was empty.

Dungeon Overview and Level Annotations

Branches:
Dungeon (3/15)

Altars:

Annotations:
D:3 Denreik's ghost, amateur GnEE


Innate Abilities, Weirdness & Mutations

You have hooves in place of feet.
Armour fits poorly on your strangely shaped body.
You cover ground very quickly.
You have extremely tough skin. (AC +3)


Message History

Lugonu accepts your kill.
Found 2 stones.
You start resting.
HP restored.
As you open the gate, it creaks loudly!
You closely miss Denreik's ghost. Denreik's ghost hits you.
You hit Denreik's ghost.
Denreik's ghost is lightly damaged.
Denreik's ghost hits you.
Denreik's ghost points at you and mumbles some strange words.
The stone arrow hits you!!
Ouch! That really hurt!
You hit Denreik's ghost.
Denreik's ghost is lightly damaged.
Denreik's ghost completely misses you.
You hit Denreik's ghost. Your kick misses Denreik's ghost.
Denreik's ghost is lightly damaged.
Denreik's ghost casts a spell at you. The stone arrow hits you!
You die...

,* #.# #..#####......##,* *,* ,*
##.#############......#.#* *,*
.###...##.#.(.(...#.........#**,*
.....†....#.....8(#......)#..,*,*
###....##.#..(....#.###.#.#,*,*,*
#.#.#####.!..(..#># *...#,,,,,*
#)#.# #.(....(#.###.###***,**
#.#.# ###''W###.......#,,,,*
###.#.#####.....@.#.......#,,,**
.............#.##...###.#.#,***
##†.#.###.#**#........#,#,,,*
#....# *,* ##.##.##.#,*****
##..#####.****#.*#.#*.#,*
##†.......,,,,.,,...,,.,*
.....####.***##,##.##,##*
###.......,,,,*,*#.#*,*
..........***,*,,...,,*


You could see Denreik's ghost.

Vanquished Creatures
  An orc priest (D:3)
  3 adders
  5 worms
  A dart slug (D:1)
  A leopard gecko (D:1)
  3 orcs (D:3)
  2 ball pythons (D:3)
  5 giant cockroaches
  6 goblins
  3 hobgoblins
  6 kobolds
  A quokka (D:2)
  3 bats (D:1)
  3 frilled lizards (D:1)
  6 rats
49 creatures vanquished.

Notes
Turn   | Place    | Note
-------+----------+-------------------------------------------
     0 | Abyss:1  | Gargoyl the Centaur Abyssal Knight began the quest for the
                  | Orb.
     0 | Abyss:1  | Reached XP level 1. HP: 19/19 MP: 2/2
   110 | Abyss:4  | Noticed an apocalypse crab
   110 | Abyss:4  | Noticed a tentacled starspawn
   110 | Abyss:4  | Noticed a tentacled starspawn
   115 | D:1      | Escaped the Abyss
   266 | D:1      | Reached XP level 2. HP: 25/26 MP: 3/3
   515 | D:1      | Reached * piety under Lugonu
   885 | D:2      | Reached XP level 3. HP: 22/31 MP: 4/4
  1057 | D:2      | Reached skill level 1 in Dodging
  2052 | D:3      | Reached XP level 4. HP: 29/40 MP: 5/5
  2193 | D:3      | Reached ** piety under Lugonu
  2235 | D:3      | Found a runed translucent gate.
  2235 | D:3      | Found a runed translucent gate.
  2235 | D:3      | Found a runed translucent gate.
  2235 | D:3      | Noticed Denreik's ghost (amateur GnEE)
  2253 | D:3      | Killed from afar by Denreik's ghost

Skill      XL: |  1  2  3 |
---------------+----------+-----
Dodging        | 1 |  1.2
Axes           | 2 |  2.3
Armour         | 2 |  2.3
Fighting       | |  3.8
Invocations    | |  2.7

Action                   |  1- 3 |  4- 6 || total
-------------------------+-------+-------++-------
Melee: Hand axe          |   124 |    39 ||   163
       Kick              |    17 |     5 ||    22
Invok: Depart the Abyss  |     1 |       ||     1
  Use: Scroll            |    10 |       ||    10
       Potion            |     1 |       ||     1
  Eat: Chunk             |     2 |     1 ||     3
Armor: Chain mail        |    81 |    20 ||   101
       Skin              |     4 |       ||     4
Dodge: Dodged            |    26 |     2 ||    28
Block: Buckler           |     6 |     3 ||     9
